 Dungeon Crawl Stone Soup version 0.25.0-1-g7eea58d2a3 (webtiles) character file.

Game seed: 17372365670441891237

247961 Esekla the Carver (level 20, -2/102 HPs)
             Began as a Vine Stalker Assassin on June 12, 2020.
             Was the Champion of Vehumet.
             Shot with an arrow by a naga sharpshooter (4 damage)
             ... on level 4 of the Snake Pit on June 13, 2020.
             The game lasted 07:16:16 (38886 turns).

Esekla the Carver (Vine Stalker Assassin)          Turns: 38886, Time: 07:16:17

Health: -2/102     AC: 31    Str: 20    XL:     20   Next: 0%
Magic:  0/47       EV: 18    Int: 22    God:    Vehumet [******]
Gold:   619        SH: 10    Dex: 26    Spells: 6/44 levels left

rFire    + . .     SeeInvis +   a - +8 demon blade "Leech" {vamp, *Rage +Rage rN+}
rCold    + . .     Gourm    .   P - +3 buckler
rNeg     + . .     Faith    .   V - +4 troll leather armour
rPois    .         Spirit   +   Q - +3 hat of Pondering {ponderous, MR+ MP+10 Int+5}
rElec    +         Reflect  .   L - +2 cloak {rCorr}
rCorr    +         Harm     .   o - +2 pair of gloves {archery}
MR       +++..     Rnd*Rage +   N - +2 pair of boots {run}
Stlth    ++++++....             X - amulet "Wudag" {RegenMP rF+ Str+4 Dex+3}
HPRegen  1.47/turn              B - ring of Urowaih {rElec MR- Dex+6 SInv Stlth+}
MPRegen  0.55/turn              v - ring of wizardry

@: lethally poisoned (-2 -> -5), icy armour, about to teleport, constricted
A: fangs 3, horns 1, talons 1, yellow scales 1, cold resistance 1, magic
resistance 1, regeneration 2, magic shield, antimagic bite, no potion heal 3,
rot immunity
}: 1/15 runes: decaying
a: Renounce Religion, Evoke Berserk Rage


You were on level 4 of the Snake Pit.
You worshipped Vehumet.
Vehumet was exalted by your worship.
You were near starving.

You visited 7 branches of the dungeon, and saw 33 of its levels.
You also visited: Bailey, Gauntlet and Ice Cave.

You collected 4374 gold pieces.
You spent 3755 gold pieces at shops.

Inventory:

Hand Weapons
 a - the +8 demon blade "Leech" (weapon) {vamp, *Rage +Rage rN+}
   (You bought it in a shop on level 4 of the Dungeon)

   It inflicts no extra harm, but heals its wielder when it wounds a living foe.
   It protects you from negative energy.
   It lets you go berserk.
   It may make you go berserk in combat.
 c - the +8 dire flail "Taezo" {freeze, MP-9 Str+4, unknown}
   (You found it in an ice cave)

   It has been specially enchanted to freeze those struck by it, causing extra
   injury to most foes and up to half again as much damage against particularly
   susceptible opponents.
   It can also slow down cold-blooded creatures.
   It affects your strength (+4).
   It affects your magic capacity (-9).
 e - a +7 scimitar of electrocution
 f - a +3 long sword of flaming
 q - a +4 quick blade of electrocution
 t - a +6 demon trident
 K - the +8 whip "Snakebite" {curare, rPois}
   (You found it on level 4 of the Lair of Beasts)

   It poisons the flesh of those it strikes.
   It protects you from poison.
Missiles
 d - 65 poisoned darts (quivered)
 y - 7 boomerangs of dispersal
 R - 8 silver javelins
Armour
 o - a +2 pair of gloves of archery (worn)
 L - a +2 cloak of preservation (worn)
 N - a +2 pair of boots of running (worn)
 P - a +3 buckler (worn)
 Q - the +3 hat of Pondering (worn) {ponderous, MR+ MP+10 Int+5}
   (You took it off Gastronok on level 2 of the Lair of Beasts)

   It affects your intelligence (+5).
   It affects your resistance to hostile enchantments.
   It affects your magic capacity (+10).
 V - a +4 troll leather armour (worn)
Jewellery
 v - a ring of wizardry (right hand)
 B - the ring of Urowaih (left hand) {rElec MR- Dex+6 SInv Stlth+}
   (You found it in a bailey)

   [ring of dexterity]

   It affects your dexterity (+6).
   It insulates you from electricity.
   It affects your resistance to hostile enchantments.
   It lets you see invisible.
   It makes you more stealthy.
 I - an uncursed amulet of reflection
 X - the amulet "Wudag" (around neck) {RegenMP rF+ Str+4 Dex+3}
   (You acquired it on level 10 of the Dungeon)

   [amulet of magic regeneration]

   It increases your magic regeneration.
   It affects your strength (+4).
   It affects your dexterity (+3).
   It protects you from fire.
Wands
 m - a wand of iceblast (17)
 s - a wand of paralysis (11)
 D - a wand of digging (17)
 F - a wand of clouds (14)
 M - a wand of flame (9)
 W - a wand of disintegration (40)
 Y - a wand of acid (16)
Scrolls
 b - 5 scrolls of blinking
 k - 9 scrolls of remove curse
 l - 2 scrolls of fear
 n - a scroll of vulnerability
 w - 2 scrolls of silence
 z - 6 scrolls of teleportation
 A - a scroll of holy word
 C - 4 scrolls of magic mapping
 E - 7 scrolls of fog
 O - 9 scrolls of identify
Potions
 g - 4 potions of stabbing
 h - a potion of experience
 i - 2 potions of might
 j - 2 potions of haste
 p - 8 potions of lignification
 r - a potion of magic
 u - 4 potions of cancellation
 x - 3 potions of flight
 G - 9 potions of curing
 H - 5 potions of resistance
 J - a potion of invisibility
 T - 3 potions of brilliance
Miscellaneous
 U - a lightning rod (4/4)
 Z - a tin of tremorstones (3/3)
Comestibles
 S - 42 rations


   Skills:
 + Level 10.1 Fighting
 - Level 10.6(13.3) Short Blades
 * Level 13.3(14.6) Long Blades
   Level 0.1(3.3) Axes
 + Level 5.5 Maces & Flails
 + Level 3.9 Throwing
 - Level 5.6 Armour
 + Level 8.9 Dodging
 + Level 10.8 Stealth
 - Level 6.2 Shields
 * Level 12.5 Spellcasting
 * Level 10.8 Conjurations
 + Level 5.5 Charms
 + Level 3.1 Translocations
 + Level 6.4 Transmutations
 + Level 5.7 Fire Magic
 + Level 5.8 Ice Magic
 * Level 9.2 Air Magic
 + Level 8.0 Poison Magic
 + Level 0.2 Evocations


You had 6 spell levels left.
You knew the following spells:

 Your Spells              Type           Power        Failure   Level  Hunger
a - Ozocubu's Armour      Chrm/Ice       #####...     1%          3    None
b - Blink                 Tloc           N/A          1%          2    None
c - Mephitic Cloud        Conj/Pois/Air  ######..     1%          3    None
d - Irradiate             Conj/Tmut      ######....   1%          5    ####...
e - Freezing Cloud        Conj/Ice/Air   ######....   3%          6    #####..
f - Conjure Flame         Conj/Fire      ######..     1%          3    None
g - Lightning Bolt        Conj/Air       ######....   1%          5    ####...
l - Chain Lightning       Conj/Air       ######....   47%         8    #######
p - Apportation           Tloc           ####..       1%          1    None
v - Poisonous Vapours     Pois/Air       ######       1%          2    None

Your spell library contained the following spells:

 Spells                   Type           Power        Failure   Level  Hunger
 Lehudib's Crystal Spear  Conj/Erth      #####.....   95%         8    #######
 Fire Storm               Conj/Fire      ######....   100%        9    #######
 Shatter                  Erth           ##........   100%        9    #######
 Beastly Appendage        Tmut           #####.       1%          1    None
 Infusion                 Chrm           ####         1%          1    None
 Magic Dart               Conj           ####         1%          1    None
 Sandblast                Erth           ##....       1%          1    None
 Sting                    Tmut/Pois      ####         1%          1    None
 Corpse Rot               Necr/Air       N/A          1%          2    None
 Passwall                 Tmut/Erth      ####....     1%          2    None
 Sticks to Snakes         Tmut           #####...     1%          2    None
 Ignite Poison            Fire/Tmut/Pois #####...     1%          3    None
 Spider Form              Tmut/Pois      #####.....   1%          3    None
 Stone Arrow              Conj/Erth      #####.       1%          3    None
 Ice Form                 Ice/Tmut       #####...     1%          4    None
 Olgreb's Toxic Radiance  Pois           #####...     1%          4    None
 Fireball                 Conj/Fire      ######....   1%          5    ####...
 Animate Skeleton         Necr           N/A          2%          1    None
 Corona                   Hex            ##.....      2%          1    None
 Pain                     Necr           ##..         2%          1    None
 Summon Butterflies       Summ           ##......     2%          1    None
 Summon Small Mammal      Summ           ##..         2%          1    None
 Call Imp                 Summ           ##......     3%          2    None
 Slow                     Hex            ##......     3%          2    None
 Sublimation of Blood     Necr           ##........   3%          2    None
 Recall                   Summ/Tloc      N/A          3%          3    None
 Alistair's Intoxication  Tmut/Pois      #####...     3%          5    ####...
 Starburst                Conj/Fire      ######....   3%          6    #####..
 Blade Hands              Tmut           #####.....   4%          5    ####...
 Call Canine Familiar     Summ           ##......     6%          3    None
 Petrify                  Tmut/Erth      ####....     6%          4    None
 Summon Ice Beast         Ice/Summ       ####....     6%          4    None
 Lee's Rapid Deconstruct  Erth           ##........   16%         5    ####...
 Eringya's Noxious Bog    Tmut/Pois      #####.....   16%         6    #####..
 Excruciating Wounds      Chrm/Necr      ####......   19%         5    ####...
 Animate Dead             Necr           N/A          21%         4    None
 Dispel Undead            Necr           ##......     21%         4    None
 Hydra Form               Tmut           #####.....   22%         6    #####..
 Summon Forest            Summ/Tloc      ###.......   30%         5    ####...
 Agony                    Necr           ##......     50%         5    ####...
 Borgnjor's Vile Clutch   Necr/Erth      ##........   50%         5    ####...
 Summon Mana Viper        Hex/Summ       ##......     50%         5    ####...
 Simulacrum               Ice/Necr       ####......   65%         6    #####..
 Death Channel            Necr           ##........   96%         6    #####..
 Ring of Flames           Chrm/Fire      #####.....   85%         7    #######
 Ignition                 Fire           #####.....   92%         8    #######
 Summon Hydra             Summ           ##........   100%        7    #######


Dungeon Overview and Level Annotations

Branches:
Dungeon (15/15)            Temple (1/1) D:7            Lair (6/6) D:8
  Swamp (4/4) Lair:2        Snake (4/4) Lair:2        Slime (0/5) Lair:6
    Orc (2/2) D:11            Elf (1/3) Orc:2        Vaults (0/5) D:14
 Depths (0/5) D:15         Bailey (visited)           IceCv (visited)
Gauntlet (visited)

Altars:
Ashenzari
Dithmenos
Elyvilon
Fedhas
Gozag
Hepliaklqana
Kikubaaqudgha
Makhleb
Qazlal
Ru
Sif Muna
Trog
Uskayaw
Vehumet
Wu Jian
Xom
Yredelemnul
Zin
The Shining One

Shops:
D:4 (   D:6 !   D:10 ?   D:13 =   D:15 =%   Orc:1 }[   Orc:2 *([:

Annotations:
D:4 1 runed translucent door
Lair:4 1 runed translucent door, exclusion: 2 oklob plants
Orc:1 1 runed translucent door, SKei0's ghost, journeyman MiFi


Innate Abilities, Weirdness & Mutations

You have razor-sharp teeth.
You heal very quickly.
When hurt, damage is shared between your health and your magic reserves.
Your bite disrupts and absorbs the magic of your enemies.
Potions cannot restore your health.
You are immune to rotting.
You have a pair of small horns on your head.
You have sharp toenails.
You are partially covered in yellow scales. (AC +2)
Your flesh is cold resistant. (rC+)
You are resistant to hostile enchantments. (MR+)


Message History

* * * LOW HITPOINT WARNING * * *
The naga mage closely misses you.
You closely miss the naga mage.
You headbutt the naga mage, but do no damage.
Your bite misses the naga mage.
You feel sick.
The naga mage hits you but does no damage.
You are more poisoned.
The nagaraja hits you with a +0 club!
* * * LOW HITPOINT WARNING * * *
The black mamba misses you.
The naga sharpshooter casts a spell.
The naga sharpshooter magically shoots a bolt.
The bolt hits you!
* * * LOW HITPOINT WARNING * * *
The naga sharpshooter unwields a +0 dire flail.
The naga sharpshooter wields a +0 shortbow.
The naga sharpshooter casts a spell.
The naga sharpshooter magically shoots an arrow.
The arrow hits you.
You die...

,,,,,,,,,*,,,,,,,,,*,,,,,,,,*
,,,,,*,,**,...⌠..N###.,,,,,**
,,,,,,,**..#....N....#,,,,,*
,,,,,,,*,............#*,,,,*
,,,,,,,*,...#.....#..#,,,,** ****
*,,,,,,*,.......N....#,,,,* *,,,
***,,,,*,......NNNN..#,,*** *,,,
******,......NSNN..#*** ***,
**********,,,*#N@N#######**** **,
*,,,,,+,,*,,**#))##......,,,* *,,
*,,,,,*,##+####)####.....,,,###+#
***++**,#....#))).....####+##....
***,,*,,+.......†......'....'....
,,,,,,,,+..............'....'<...
,,,,,,,,+..:#..........'....'....
,,,,,,,,#..."##.)......'....'....
**,,,**,##...##........##...#....


You could see 2 naga warriors, 3 nagarajas, 4 naga sharpshooters, a black mamba
and 3 naga magi.

Vanquished Creatures
  Saint Roka (Snake:2)
  Nikola (Snake:2)
  Rupert (Lair:3)
  An Ice Fiend (IceCv)
  Jorgrun (Orc:2)
  A tentacled monstrosity (Swamp:4)
  Gastronok (Lair:2)
  3 thorn hunters
  Frances (D:13)
  Kirke (Lair:4)
  The ghost of Liforeniyw the Executioner, an adept MiBe of Trog (Snake:2)
  Donald (Orc:1)
  A fire giant (D:13)
  Aizul (Snake:1)
  5 nagarajas
  A caustic shrike zombie (D:15)
  Louise (Snake:2)
  4 very ugly things
  Nessos (D:12)
  A minotaur (Gauntlet)
  A death ooze (Gauntlet)
  2 green deaths (Swamp:4)
  A deep elf death mage (Elf:1)
  2 ogre magi
  23 hydras
  Harold (D:10)
  7 naga warriors
  3 shambling mangroves
  A ghost crab (Swamp:4)
  8 anacondas
  11 dancing weapons (Elf:1)
  3 centaur warriors
  9 alligators
  12 two-headed ogres
  Erica (D:9)
  Urug (Lair:1)
  4 death yaks (Lair:5)
  3 orc high priests (Orc:2)
  8 naga sharpshooters
  A vampire mage (D:15)
  11 shock serpents
  6 deep elf knights
  8 skeletal warriors
  A fire crab (Gauntlet)
  A salamander mystic (Snake:3)
  3 unseen horrors
  2 spriggan druids (Swamp:1)
  12 naga ritualists
  3 deep elf archers (Elf:1)
  5 swamp dragons
  A golden dragon skeleton (D:15)
  4 necromancers
  Pikel (D:6)
  19 deep elf magi
  18 mana vipers
  5 orc sorcerers
  11 ugly things
  9 salamanders
  6 orc knights
  3 large abominations
  7 cyclopes
  2 moths of wrath (Snake:2)
  Joseph (D:9)
  3 centaur zombies
  48 black mambas
  A guardian serpent (Snake:2)
  An ice statue (IceCv)
  19 naga magi
  11 elephants
  18 spiny frogs
  2 gargoyles
  A torpor snail (Lair:6)
  3 orange demons (Swamp:4)
  2 rime drakes
  7 centaur skeletons
  A kobold demonologist (D:15)
  3 freezing wraiths (IceCv)
  An efreet (D:15)
  4 komodo dragons
  2 anaconda simulacra (IceCv)
  7 ice devils (IceCv)
  A spriggan skeleton (D:15)
  6 trolls
  A harpy zombie (D:15)
  9 tyrant leeches
  7 polar bears
  3 blink frogs (Swamp:4)
  A fire dragon zombie (D:15)
  12 bog bodies
  26 slime creatures
  26 hornets
  7 dream sheep
  16 hippogriffs
  5 shadows
  21 spriggans
  2 vampires (D:15)
  6 centaur simulacra
  3 fire bats (Gauntlet)
  5 water elementals
  2 wyverns
  A dire elephant simulacrum (IceCv)
  5 hogs
  A wraith (D:15)
  A human (D:9)
  4 hungry ghosts
  2 death yak simulacra (IceCv)
  Eustachio (D:5)
  5 steam dragons
  A redback simulacrum (D:15)
  29 vampire mosquitoes
  33 nagas
  32 yaks
  Grum (D:10)
  5 insubstantial wisps (Swamp:2)
  Edmund (D:6)
  3 iron troll simulacra (IceCv)
  15 swamp worms
  2 acid dragons
  2 wargs (Orc:1)
  5 harpy simulacra (IceCv)
  3 soldier ants
  20 water moccasins
  10 porcupines
  4 hydra simulacra (IceCv)
  3 hell hounds (Gauntlet)
  2 sky beasts
  A meliai simulacrum (D:15)
  10 swamp drakes
  32 orc warriors
  4 ice beasts
  3 phantoms
  2 necrophages (D:9)
  16 ogres
  3 black bears
  21 wolves
  7 boggarts
  3 eyes of draining
  29 centaurs
  9 crocodiles
  5 big kobolds
  4 elf zombies (Elf:1)
  9 bullfrogs
  A gnoll sergeant (D:7)
  A wyvern skeleton (D:8)
  2 scorpions
  16 killer bees
  3 electric eels (D:15)
  12 howler monkeys
  3 bullfrog zombies
  11 crimson imps
  2 draconian simulacra (IceCv)
  2 quasits
  5 jellies
  2 bullfrog skeletons
  17 orc priests
  9 hounds
  26 orc wizards
  Crazy Yiuf (D:6)
  2 gnoll shamans (D:6)
  Jessica (D:3)
  7 iguanas
  Ijyb (D:3)
  Natasha (thrice) (D:3)
  4 worker ants
  A polar bear simulacrum (IceCv)
  A wolf simulacrum (IceCv)
  A killer bee zombie (D:10)
  2 hound zombies
  A howler monkey zombie (D:5)
  A worker ant zombie (D:5)
  24 adders
  12 gnolls
  2 naga simulacra (IceCv)
  2 ogre simulacra (IceCv)
  7 shadow imps
  15 white imps
  3 ufetubi
  An adder skeleton (D:4)
  2 worms
  4 dart slugs
  10 leopard geckos
  84 orcs
  3 giant cockroaches
  6 goblins
  8 hobgoblins
  13 jackals
  2 quokkas
  A ball python (Lair:2)
  4 bats
  2 frilled lizards
  A giant cockroach zombie (D:5)
  20 kobolds
  3 leopard gecko skeletons
  9 rats
1288 creatures vanquished.

Vanquished Creatures (others)
  A manticore (D:15)
  A bog body (Swamp:2)
  A spriggan (Swamp:1)
  A slave (D:6)
  2 hounds (D:6)
  4 gnolls (D:6)
  A white imp (IceCv)
  An ufetubus (IceCv)
  2 kobolds (D:10)
  6 briar patches (Swamp:2)
  16 fungi
  17 plants
  2 withered plants (D:15)
55 creatures vanquished.

Grand Total: 1343 creatures vanquished

Notes
Turn   | Place    | Note
-------+----------+-------------------------------------------
     0 | D:1      | Esekla the Vine Stalker Assassin began the quest for the
                  | Orb.
     0 | D:1      | Reached XP level 1. HP: 11/11 MP: 2/2
   238 | D:1      | Reached XP level 2. HP: 15/15 MP: 3/3
   484 | D:1      | Reached skill level 1 in Dodging
   527 | D:1      | Reached XP level 3. HP: 11/18 MP: 4/4
   776 | D:2      | Reached skill level 1 in Spellcasting
  1221 | D:4      | Gained mutation: Your natural rate of healing is unusually
                  | fast. [Vine Stalker growth]
  1221 | D:4      | Reached XP level 4. HP: 17/23 MP: 6/6
  1267 | D:5      | Entered Level 5 of the Dungeon
  1319 | D:6      | Noticed a slave
  1319 | D:6      | Noticed a slave
  1319 | D:6      | Noticed a slave
  1320 | D:6      | Noticed Pikel
  1341 | D:5      | Noticed a hungry ghost
  1351 | D:4      | Found Olung's Antique Weapon Boutique.
  1351 | D:4      | Noticed a phantom
  1595 | D:5      | Reached XP level 5. HP: 12/27 MP: 3/8
  1608 | D:5      | Noticed a steam dragon
  1909 | D:6      | Noticed Edmund
  1958 | D:4      | Found a glowing silver altar of Zin.
  1959 | D:4      | Found a runed translucent door.
  1959 | D:4      | Noticed an angel
  1970 | D:4      | Bought a glowing short sword for 144 gold pieces
  1988 | D:4      | Killed a phantom
  1988 | D:4      | Reached XP level 6. HP: 24/32 MP: 8/10
  2405 | D:5      | Reached XP level 7. HP: 26/36 MP: 7/11
  2442 | D:5      | Killed a hungry ghost
  2442 | D:5      | Reached skill level 5 in Short Blades
  2517 | D:5      | Noticed a steam dragon
  2715 | D:5      | Noticed Eustachio
  2819 | D:6      | Found Rilaes's Distillery.
  2849 | D:6      | Killed Pikel
  2849 | D:6      | Gained mutation: You have razor-sharp teeth. [Vine Stalker
                  | growth]
  2849 | D:6      | Reached XP level 8. HP: 25/42 MP: 5/14
  2869 | D:6      | Bought a potion of degeneration for 14 gold pieces
  2917 | D:6      | Killed Edmund
  3064 | D:6      | Found a sacrificial altar of Ru.
  3572 | D:6      | Reached skill level 5 in Fighting
  3756 | D:7      | Reached XP level 9. HP: 47/47 MP: 15/15
  3875 | D:7      | Found a staircase to the Ecumenical Temple.
  3892 | Temple   | Entered the Ecumenical Temple
  3991 | Temple   | Became a worshipper of Vehumet
  4125 | D:5      | Killed Eustachio
  5353 | D:3      | Noticed Jessica
  5357 | D:3      | Killed Jessica
  5376 | D:3      | Noticed Natasha
  5386 | D:3      | Killed Natasha
  5704 | D:3      | Noticed Natasha
  5709 | D:3      | Killed Natasha
  5736 | D:3      | Noticed Ijyb
  5737 | D:3      | Reached * piety under Vehumet
  5737 | D:3      | Offered knowledge of Sandblast by Vehumet.
  5753 | D:3      | Killed Ijyb
  5934 | D:3      | Noticed Natasha
  5948 | D:3      | Killed Natasha
  6265 | D:6      | Found a runed translucent door.
  6266 | D:6      | Noticed Crazy Yiuf
  6283 | D:6      | Killed Crazy Yiuf
  7005 | D:7      | Found a burning altar of Makhleb.
  7010 | D:7      | Found a white marble altar of Elyvilon.
  7015 | D:7      | Found a stormy altar of Qazlal.
  7539 | D:8      | Noticed a two-headed ogre
  7547 | D:8      | Killed a two-headed ogre
  7547 | D:8      | Reached skill level 1 in Shields
  7547 | D:8      | Reached skill level 5 in Spellcasting
  7547 | D:8      | Reached XP level 10. HP: 50/53 MP: 18/18
  7659 | D:8      | Found a staircase to the Lair.
  7685 | Lair:1   | Entered Level 1 of the Lair of Beasts
  7896 | Lair:1   | Noticed Urug
  8045 | Lair:2   | Noticed a four-headed hydra
  8055 | Lair:2   | Killed a four-headed hydra
  8055 | Lair:2   | Offered knowledge of Freeze by Vehumet.
  8055 | Lair:2   | Reached skill level 1 in Long Blades
  8055 | Lair:2   | Reached skill level 5 in Stealth
  8159 | Lair:1   | Learned a level 1 spell: Freeze
  8229 | Lair:1   | Reached ** piety under Vehumet
  8386 | Lair:1   | Reached skill level 2 in Long Blades
  8457 | Lair:1   | Noticed a spiny frog
  8474 | Lair:1   | Killed a spiny frog
  8591 | Lair:1   | Reached skill level 5 in Dodging
  8750 | Lair:1   | Killed Urug
  8750 | Lair:1   | Reached XP level 11. HP: 20/58 MP: 15/21
  9485 | Lair:2   | Reached skill level 3 in Long Blades
  9516 | Lair:2   | Found a staircase to the Snake Pit.
  9551 | Lair:2   | Noticed Gastronok
  9561 | Lair:2   | Killed Gastronok
  9561 | Lair:2   | Reached skill level 10 in Short Blades
  9597 | Lair:2   | Noticed a six-headed hydra
  9599 | Lair:2   | Killed a six-headed hydra
  9599 | Lair:2   | Reached skill level 1 in Ice Magic
  9789 | Lair:2   | Found a staircase to the Swamp.
  9833 | Lair:2   | Learned a level 2 spell: Poisonous Vapours
  9837 | Lair:2   | Learned a level 3 spell: Mephitic Cloud
  9842 | Lair:2   | Learned a level 4 spell: Olgreb's Toxic Radiance
 10100 | Snake:1  | Entered Level 1 of the Snake Pit
 10100 | Snake:1  | Noticed a naga warrior
 10217 | Lair:3   | Reached skill level 1 in Air Magic
 10256 | Lair:3   | Offered knowledge of Inner Flame by Vehumet.
 10256 | Lair:3   | Reached skill level 1 in Poison Magic
 10444 | Lair:3   | Reached skill level 1 in Conjurations
 10536 | Lair:3   | Found a basalt altar of Yredelemnul.
 10589 | Lair:3   | Reached skill level 1 in Armour
 10686 | Lair:3   | Noticed Rupert
 10790 | Lair:3   | Reached skill level 4 in Long Blades
 11113 | Lair:4   | Gained mutation: You heal very quickly. [Vine Stalker
                  | growth]
 11113 | Lair:4   | Reached XP level 12. HP: 63/63 MP: 23/23
 11330 | Lair:4   | Reached *** piety under Vehumet
 11553 | Lair:4   | Noticed Kirke
 11588 | Lair:4   | Noticed an eight-headed hydra
 11785 | Lair:4   | Killed Kirke
 12258 | Lair:5   | Learned a level 6 spell: Eringya's Noxious Bog
 12273 | Lair:6   | Entered Level 6 of the Lair of Beasts
 12273 | Lair:6   | Noticed a death yak
 12273 | Lair:6   | Noticed a death yak
 12274 | Lair:6   | Noticed a death yak
 12320 | Lair:5   | Reached skill level 1 in Transmutations
 12332 | Lair:5   | Offered knowledge of Conjure Flame by Vehumet.
 12337 | Lair:5   | Learned a level 3 spell: Conjure Flame
 12407 | Lair:4   | Found a runed translucent gate.
 12546 | Lair:4   | Reached skill level 1 in Fire Magic
 12595 | Lair:4   | Found the +8 whip "Snakebite" {curare, rPois}
 12822 | Lair:3   | Killed Rupert
 12822 | Lair:3   | Reached skill level 5 in Long Blades
 12822 | Lair:3   | Reached XP level 13. HP: 16/67 MP: 21/25
 13143 | Lair:5   | Reached **** piety under Vehumet
 13948 | Lair:5   | Offered knowledge of Yara's Violent Unravelling by Vehumet.
 13995 | Lair:5   | Reached skill level 1 in Maces & Flails
 14637 | Lair:6   | Reached ***** piety under Vehumet
 14650 | Lair:6   | Offered knowledge of Hailstorm by Vehumet.
 14650 | Lair:6   | Reached skill level 5 in Poison Magic
 14867 | Lair:6   | Reached XP level 14. HP: 64/72 MP: 27/27
 14895 | Lair:6   | Reached skill level 5 in Conjurations
 14929 | Lair:6   | Gained mutation: You are agile. (Dex +2) [potion of
                  | mutation]
 14929 | Lair:6   | Gained mutation: You are very agile. (Dex +4) [potion of
                  | mutation]
 14929 | Lair:6   | Gained mutation: You are frail. (-10% HP) [potion of
                  | mutation]
 14929 | Lair:6   | Gained mutation: You are partially covered in yellow
                  | scales. (AC +2) [potion of mutation]
 14931 | Lair:6   | Lost mutation: You are very agile. (Dex +4) [potion of
                  | mutation]
 14931 | Lair:6   | Lost mutation: You are agile. (Dex +2) [potion of mutation]
 14931 | Lair:6   | Gained mutation: Your body sometimes deteriorates upon
                  | taking damage. [potion of mutation]
 14931 | Lair:6   | Gained mutation: You have sharp toenails. [potion of
                  | mutation]
 14931 | Lair:6   | Gained mutation: You have a pair of small antennae on your
                  | head. [potion of mutation]
 14931 | Lair:6   | Gained mutation: Your spells are a little harder to cast,
                  | but a little more powerful. [potion of mutation]
 14932 | Lair:6   | Lost mutation: You are frail. (-10% HP) [potion of
                  | mutation]
 14932 | Lair:6   | Lost mutation: Your spells are a little harder to cast, but
                  | a little more powerful. [potion of mutation]
 14932 | Lair:6   | Gained mutation: You are dopey. (Int -2) [potion of
                  | mutation]
 14932 | Lair:6   | Gained mutation: You are resistant to hostile enchantments.
                  | (MR+) [potion of mutation]
 14933 | Lair:6   | Lost mutation: You have a pair of small antennae on your
                  | head. [potion of mutation]
 14933 | Lair:6   | Lost mutation: Your body sometimes deteriorates upon taking
                  | damage. [potion of mutation]
 14933 | Lair:6   | Lost mutation: You are dopey. (Int -2) [potion of mutation]
 14933 | Lair:6   | Gained mutation: Your flesh is cold resistant. (rC+)
                  | [potion of mutation]
 14933 | Lair:6   | Gained mutation: You have a pair of small horns on your
                  | head. [potion of mutation]
 15210 | Lair:6   | Found a staircase to the Slime Pits.
 15762 | Lair:6   | Reached skill level 6 in Long Blades
 16486 | D:9      | Found a sacrificial altar of Ru.
 16714 | D:9      | Found a hide-covered altar of Uskayaw.
 16819 | D:9      | Noticed Erica
 16830 | D:9      | Killed Erica
 17122 | D:10     | Entered Level 10 of the Dungeon
 17176 | D:10     | Noticed Harold
 17202 | D:10     | Noticed Joseph
 17218 | D:10     | Noticed Grum
 17219 | D:10     | Killed Harold
 17230 | D:9      | Killed Joseph
 17244 | D:9      | Learned a level 2 spell: Blink
 17250 | D:9      | Learned a level 5 spell: Irradiate
 17296 | D:10     | Killed Grum
 17682 | D:10     | Found Qimaiss's Magic Scroll Shop.
 18116 | D:11     | Found a staircase to the Orcish Mines.
 18328 | D:11     | Reached skill level 1 in Translocations
 18531 | D:11     | Offered knowledge of Orb of Destruction by Vehumet.
 19198 | D:12     | Noticed Nessos
 19701 | D:12     | Killed Nessos
 19871 | Orc:1    | Entered Level 1 of the Orcish Mines
 19871 | Orc:1    | Found Areodab's Armour Boutique.
 20081 | Orc:1    | Bought a +1 pair of boots of running for 584 gold pieces
 20081 | Orc:1    | Bought a +1 pair of gloves of archery for 264 gold pieces
 20137 | Orc:1    | Found a runed translucent door.
 20137 | Orc:1    | Noticed SKei0's ghost (journeyman MiFi)
 20279 | Orc:1    | Found Edeuvo's Gadget Boutique.
 20376 | Orc:2    | Entered Level 2 of the Orcish Mines
 20376 | Orc:2    | Found a staircase to the Elven Halls.
 20376 | Orc:2    | Noticed Jorgrun
 20392 | Orc:2    | Noticed Donald
 20425 | Orc:1    | Killed Donald
 20425 | Orc:1    | Reached XP level 15. HP: 35/77 MP: 20/29
 20580 | Orc:2    | Killed Jorgrun
 20580 | Orc:2    | Reached skill level 5 in Fire Magic
 20650 | Orc:2    | Reached ****** piety under Vehumet
 20803 | Orc:2    | Offered knowledge of Freezing Cloud by Vehumet.
 20842 | Orc:2    | Learned a level 6 spell: Freezing Cloud
 21000 | Orc:2    | Reached skill level 5 in Armour
 21303 | Orc:2    | Reached skill level 5 in Shields
 21404 | Orc:2    | Found Zaef's Assorted Antiques.
 21404 | Orc:2    | Found Vutzib's Antique Weapon Emporium.
 21552 | Orc:2    | Found Obanasa's Book Emporium.
 21552 | Orc:2    | Found Cexuos's Antique Armour Boutique.
 21563 | Orc:2    | Bought a scroll of identify for 64 gold pieces
 21609 | Orc:1    | Reached skill level 7 in Long Blades
 21699 | Orc:2    | Found a bloodstained altar of Trog.
 22043 | D:13     | Found a flagged portal.
 22065 | Bailey   | Entered a bailey
 22455 | Bailey   | Offered knowledge of Spellforged Servitor by Vehumet.
 22584 | Bailey   | Got a warped golden ring
 22586 | Bailey   | Identified the ring of Urowaih {rElec MR- Dex+6 SInv
                  | Stlth+} (You found it in a bailey)
 22921 | D:13     | Found Eneuk's Jewellery Emporium.
 23162 | D:13     | Noticed a fire giant
 23166 | D:13     | Killed a fire giant
 23450 | D:13     | Noticed Frances
 23463 | D:13     | Killed Frances
 23463 | D:13     | Reached skill level 5 in Transmutations
 23901 | D:14     | Found a gate to the Vaults.
 23973 | D:14     | Found a gate leading to a gauntlet.
 23989 | Gauntlet | Entered a Gauntlet
 23989 | Gauntlet | Found a transporter.
 23998 | Gauntlet | Found a transporter.
 24000 | Gauntlet | Found a transporter.
 24002 | Gauntlet | Found a runed translucent door.
 24002 | Gauntlet | Found a runed translucent door.
 24020 | Gauntlet | Found a runed translucent door.
 24023 | Gauntlet | Found a transporter.
 24038 | Gauntlet | Found a transporter.
 24040 | Gauntlet | Found a transporter.
 24086 | Gauntlet | Found a transporter.
 24088 | Gauntlet | Found a transporter.
 24119 | Gauntlet | Found a transporter.
 24130 | Gauntlet | Found a transporter.
 24140 | Gauntlet | Found a transporter.
 24150 | Gauntlet | Found a transporter.
 24155 | Gauntlet | Found a transporter.
 24181 | Gauntlet | Found a transporter.
 24350 | Gauntlet | Identified the Disquisition on Black Secrets and Moulding
 24547 | Gauntlet | Identified the Catalogue of Torrid Augmentations
 24551 | Gauntlet | Got a crude cloak
 24570 | Gauntlet | Identified the cursed +0 cloak "Tamobbor" {MR- Str+2 Int+5}
                  | (You found it in a Gauntlet)
 24785 | D:14     | Reached XP level 16. HP: 82/82 MP: 30/30
 24812 | D:14     | Offered knowledge of Lightning Bolt by Vehumet.
 25131 | D:14     | Learned a level 3 spell: Ozocubu's Armour
 25437 | D:14     | Reached skill level 10 in Spellcasting
 25663 | D:4      | Bought the +8 demon blade "Leech" {vamp, *Rage +Rage rN+}
                  | for 2342 gold pieces
 25663 | D:4      | Found the +8 demon blade "Leech" {vamp, *Rage +Rage rN+}
 26209 | D:15     | Entered Level 15 of the Dungeon
 26333 | D:10     | Learned a level 5 spell: Lightning Bolt
 26437 | D:15     | Reached skill level 5 in Maces & Flails
 26509 | D:15     | Reached skill level 5 in Air Magic
 26826 | D:15     | Reached skill level 8 in Long Blades
 26838 | D:15     | Found a staircase to the Depths.
 27109 | D:10     | Bought a scroll of identify for 26 gold pieces
 27109 | D:10     | Identified a scroll of acquirement
 27111 | D:10     | Got the amulet "Wudag" {RegenMP rF+ Str+4 Dex+3}
 27500 | D:15     | Offered knowledge of Ozocubu's Refrigeration by Vehumet.
 27566 | D:15     | Found Xutaikh's Jewellery Boutique.
 27624 | D:15     | Found Plog's Food Shop.
 28052 | Elf:1    | Entered Level 1 of the Elven Halls
 28127 | Elf:1    | Reached skill level 9 in Long Blades
 28531 | Elf:1    | Reached XP level 17. HP: 72/86 MP: 32/32
 28669 | Elf:1    | Identified the Catalogue of Sinister Rites
 28735 | Elf:1    | Reached skill level 10 in Stealth
 29412 | Swamp:1  | Entered Level 1 of the Swamp
 29510 | Swamp:1  | Offered knowledge of Chain Lightning by Vehumet.
 29543 | Swamp:1  | Reached skill level 5 in Ice Magic
 30478 | Swamp:2  | Reached skill level 1 in Charms
 30899 | Swamp:2  | Reached skill level 10 in Long Blades
 31122 | Swamp:2  | Upgraded the game from 0.25.0 to 0.25.0-1-g7eea58d2a3
 31360 | D:10     | Bought a scroll of enchant weapon for 97 gold pieces
 31402 | D:10     | Learned a level 8 spell: Chain Lightning
 31490 | Orc:2    | Bought a book of Cantrips for 220 gold pieces
 31492 | Orc:2    | Learned a level 1 spell: Apportation
 32522 | Swamp:4  | Entered Level 4 of the Swamp
 32571 | Swamp:4  | Offered knowledge of Lehudib's Crystal Spear by Vehumet.
 32571 | Swamp:4  | Offered knowledge of Fire Storm by Vehumet.
 32571 | Swamp:4  | Offered knowledge of Shatter by Vehumet.
 32699 | Swamp:4  | Reached XP level 18. HP: 88/92 MP: 34/34
 33069 | Swamp:4  | Reached skill level 11 in Long Blades
 33090 | Swamp:4  | Noticed a tentacled monstrosity
 33095 | Swamp:4  | Killed a tentacled monstrosity
 33628 | Swamp:4  | Got a decaying rune of Zot
 34360 | Snake:1  | Noticed Aizul
 34378 | Snake:1  | Killed Aizul
 35080 | Snake:2  | Found a transporter.
 35081 | Snake:2  | Noticed Liforeniyw's ghost (adept MiBe)
 35095 | Snake:2  | Found a transporter.
 35266 | Snake:2  | Noticed Saint Roka
 35461 | Snake:2  | Killed Saint Roka
 35461 | Snake:2  | Reached skill level 5 in Charms
 35538 | Snake:2  | Noticed Louise
 35570 | Snake:2  | Killed Louise
 35570 | Snake:2  | Reached XP level 19. HP: 98/98 MP: 20/35
 35602 | Snake:2  | Reached skill level 12 in Long Blades
 35623 | Snake:2  | Reached skill level 10 in Conjurations
 36104 | Snake:2  | Noticed Nikola
 36124 | Snake:2  | Killed Nikola
 36639 | Snake:2  | Killed Liforeniyw's ghost
 36650 | Snake:2  | Identified the amulet of Music {RegenMP rC+ Str-4 Int+2}
                  | (You found it on level 2 of the Snake Pit)
 37150 | Snake:3  | Reached skill level 10 in Fighting
 37852 | Snake:4  | Entered Level 4 of the Snake Pit
 37875 | Snake:4  | Found a frozen archway.
 37904 | IceCv    | Entered an ice cave
 37992 | IceCv    | Got a shimmering dire flail
 38375 | IceCv    | Noticed an Ice Fiend
 38536 | IceCv    | Killed an Ice Fiend
 38536 | IceCv    | Reached skill level 13 in Long Blades
 38885 | Snake:4  | Reached XP level 20. HP: 33/102 MP: 17/37
 38886 | Snake:4  | HP: 2/102 [naga sharpshooter/bolt (6)]
 38886 | Snake:4  | Shot with an arrow by a naga sharpshooter

Illustrated notes

Levels and vault maps discovered:
D:1:      shiori_arrival_maze, layout_rooms, chequers_garden, minmay_cupped
D:2:      cheibrodos_old_hovel, layout_basic, serial_bayou,
          serial_bayou_lagoon_a, serial_bayou_pond_d, serial_bayou_ford_a,
          serial_bayou_pond_e
D:3:      layout_loops_corners, serial_glass, glass_columns_a, glass_columns_a,
          glass_columns_a, glass_columns_b, glass_columns_a, glass_columns_b,
          first_ration, uniq_jessica, uniq_natasha, uniq_ijyb
D:4:      layout_basic, serial_shops, shop, lemuel_angel_altar
D:5:      kennysheep_steamy, layout_basic, fountainhead, uniq_eustachio
D:6:      layout_cave_pools, lemuel_coloured_pillars_altar, serial_gnoll_camp,
          gnoll_camp_mini_loothouse, gnoll_camp_mini_doghouse,
          gnoll_camp_mini_shop, gnoll_camp_medium_02, gnoll_camp_mini_house,
          uniq_crazy_yiuf_cottage, uniq_pikel, uniq_edmund
D:7:      layout_rooms, grunt_temple_overflow_diamond,
          minmay_temple_entry_ruins, minmay_nine_imps
D:8:      layout_gridville, lair_entry_dummy
D:9:      layout_basic, basic_altar, grunt_livestock,
          nicolae_ru_great_annihilating_truth, uniq_erica
D:10:     layout_layer_cave, serial_shops, shop, minmay_starry_boxes,
          uniq_joseph, uniq_grum, uniq_harold
D:11:     layout_loops_corners, david_orc_2, minmay_unpleasant_kobolds
D:12:     layout_big_octagon, uniq_nessos
D:13:     layout_basic, serial_shops, shop, enter_bailey_6,
          minmay_misc_feat_five, kennysheep_just_a_vault, uniq_frances
D:14:     layout_roguey, hangedman_vaults_entry_quadrant_bands,
          nrook_pool_corridor, gauntlet_entry_generic
D:15:     gammafunk_depths_entry_grave, layout_cave_pools, serial_shops,
          nicolae_shop_crystal, serial_ice, serial_ice_o, serial_ice_k,
          serial_ice_d, serial_ice_f, dk_noncrumbling_3, nrook_loot_triangle,
          st_stairs_3, minmay_shop_grid_forest, serial_bayou_lake_a
Temple:   dpeg_five_rooms_temple
Lair:1:   layout_layer_cave, serial_bayou_shore_b, uniq_urug
Lair:2:   layout_loops_ring, swamp_mist_pool, minmay_snake_entry_six_corridors,
          uniq_gastronok
Lair:3:   layout_concentric_octagons, basic_altar, uniq_rupert
Lair:4:   minmay_guarded_unrand_snakebite, layout_cellular_growth,
          serial_forest, infiniplex_forest_clump_small,
          infiniplex_forest_clump_small, infiniplex_forest_straight_2,
          infiniplex_forest_straight_3, infiniplex_forest_lined_ring,
          infiniplex_forest_straight_3, infiniplex_forest_clump_cross,
          infiniplex_forest_end_2, infiniplex_forest_corner_1,
          infiniplex_forest_lined_3_way, gammafunk_ghost_cemetery,
          minmay_lair_oklob_chamber, uniq_kirke
Lair:5:   layout_cellular_growth
Lair:6:   minmay_lair_end_enchanted_forest, layout_long_grid,
          minmay_slime_entry_pillars, chequers_serial_rivers_room_b
Swamp:1:  layout_falls_marsh, evilmike_swamp_ruin_house_5
Swamp:2:  layout_basic_swamp, evilmike_swamp_ruin_house_2, swamp_pool3
Swamp:3:  layout_falls_marsh, hangedman_swamp_ruin_wall
Swamp:4:  swamp_vile, layout_basic_swamp
Snake:1:  layout_grid_maze, grunt_ministairs_15, uniq_aizul
Snake:2:  layout_chambers, gammafunk_ghost_berserking_beasts, special_room,
          nicolae_snake_shapes, uniq_nikola, uniq_louise, uniq_saint_roka
Snake:3:  layout_misc_corridors, nicolae_coiled_stairwell_up
Snake:4:  snake_pit, layout_gridlike, portal_ice_cave_entry_pillars_three,
          st_stairs_4
Orc:1:    layout_caves, serial_shops, shop_fountains, shop,
          ebering_ghost_reflecting_pool
Orc:2:    grunt_orc_tribal_feast, layout_caves, trog_book, uniq_jorgrun,
          uniq_donald
Elf:1:    minmay_elf_arrival_plus, layout_geoelf_diagonals,
          minmay_elf_necromancy, minmay_misc_feat_alley

Skill      XL: |  1  2  3  4  5  6  7  8  9 10 11 12 13 14 15 16 17 18 19 |
---------------+----------------------------------------------------------+-----
Fighting       | 2 3 4 5 6 7 8 9 10 | 10.1
Short Blades   | 2 3 4 6 7 9 10 | 10.6
Dodging        | 1 2 3 4 5 6 7 8 |  8.9
Spellcasting   | 1 2 3 5 6 7 8 9 10 11 12 | 12.5
Throwing       | 2 3 |  3.9
Shields        | 1 2 3 4 5 6 |  6.2
Long Blades    | 2 4 5 6 7 9 10 11 13 | 13.3
Stealth        | 6 7 8 9 10 | 10.8
Ice Magic      | 1 2 4 5 |  5.8
Air Magic      | 2 3 4 5 7 8 9 |  9.2
Poison Magic   | 1 3 5 6 7 8 |  8.0
Conjurations   | 1 3 4 6 7 9 10 | 10.8
Armour         | 1 3 4 5 |  5.6
Transmutations | 1 3 4 5 6 |  6.4
Fire Magic     | 1 3 4 5 |  5.7
Maces & Flails | 2 3 4 5 |  5.5
Translocations | 2 3 |  3.1
Charms         | 2 5 |  5.5
Axes           | |  0.1
Evocations     | |  0.2

Action                   |  1- 3 |  4- 6 |  7- 9 | 10-12 | 13-15 | 16-18 | 19-21 || total
-------------------------+-------+-------+-------+-------+-------+-------+-------++-------
Melee: Dagger            |    77 |   112 |   215 |   408 |   158 |    19 |       ||   989
       Bite              |    16 |    43 |   155 |   232 |   505 |   772 |   291 ||  2014
       Short sword       |       |    26 |   282 |   222 |    19 |       |       ||   549
       Whip              |       |       |       |     3 |  1190 |   289 |     9 ||  1491
       Executioner's axe |       |       |       |       |     1 |       |       ||     1
       Kick              |       |       |       |       |   165 |       |       ||   165
       Headbutt          |       |       |       |       |   246 |   546 |   192 ||   984
       Long sword        |       |       |       |       |    90 |   226 |   188 ||   504
       Demon blade       |       |       |       |       |       |   473 |    83 ||   556
       Quick blade       |       |       |       |       |       |    18 |    13 ||    31
       Rapier            |       |       |       |       |       |     1 |       ||     1
       Scimitar          |       |       |       |       |       |   326 |   233 ||   559
       Demon trident     |       |       |       |       |       |     1 |       ||     1
Throw: Dart              |     7 |     8 |    26 |    16 |    20 |     6 |     2 ||    85
       Boomerang         |       |       |       |     2 |     8 |       |       ||    10
       Javelin           |       |       |       |       |     4 |       |       ||     4
 Cast: Freeze            |       |       |       |     2 |       |       |       ||     2
       Poisonous Vapours |       |       |       |    15 |    12 |    37 |     1 ||    65
       Mephitic Cloud    |       |       |       |     7 |    18 |    13 |     2 ||    40
       Conjure Flame     |       |       |       |       |     1 |     2 |     3 ||     6
       Blink             |       |       |       |       |     4 |    11 |       ||    15
       Irradiate         |       |       |       |       |     2 |     6 |     3 ||    11
       Ozocubu's Armour  |       |       |       |       |       |    53 |    18 ||    71
       Lightning Bolt    |       |       |       |       |       |    48 |    42 ||    90
       Freezing Cloud    |       |       |       |       |       |     4 |     5 ||     9
       Apportation       |       |       |       |       |       |     5 |       ||     5
Evoke: Wand              |       |       |       |     1 |     1 |       |       ||     2
  Use: Scroll            |     4 |     3 |     2 |    13 |    19 |    12 |     4 ||    57
       Potion            |       |       |       |     6 |     7 |     2 |     6 ||    21
 Stab: Sleeping          |     5 |     3 |    10 |    20 |    35 |    21 |     8 ||   102
       Confused          |       |       |       |     3 |     8 |    11 |     5 ||    27
       Distracted        |       |       |       |     1 |     2 |     7 |     1 ||    11
  Eat: Chunk             |     1 |     4 |    19 |    13 |    40 |    23 |    11 ||   111
       Ration            |       |       |       |     1 |     2 |     7 |     2 ||    12
Armor: Robe              |    13 |    19 |    79 |    12 |       |       |       ||   123
       Troll leather arm |       |       |       |    97 |   438 |   528 |   173 ||  1236
Dodge: Dodged            |    34 |    56 |   241 |   219 |   793 |  1027 |   249 ||  2619
Block: Other             |       |       |    38 |    75 |    70 |       |       ||   183
       Reflection        |       |       |     1 |       |    48 |    15 |       ||    64
       Buckler           |       |       |       |       |   690 |   756 |   190 ||  1636
       Rpst.: Long sword |       |       |       |       |    16 |    42 |    21 ||    79
       Demon blade       |       |       |       |       |       |    69 |    10 ||    79
       Scimitar          |       |       |       |       |       |    53 |    31 ||    84
